 Dungeon Crawl Stone Soup version 0.16.0 (webtiles) character file.

29 rgaf the Charmwright (level 3, 23/28 HPs)
             Began as a Demonspawn Skald on Mar 13, 2015.
             Quit the game on level 2 of the Dungeon.
             The game lasted 00:02:04 (1515 turns).

rgaf the Charmwright (Demonspawn Skald)             Turns: 1515, Time: 00:02:04

Health: 23/28      AC:  5    Str: 12    XL:     3   Next: 1%
Magic:  6/6        EV: 11    Int: 14    God:
Gold:   175        SH:  0    Dex: 15    Spells: 1 memorised, 5 levels left

rFire  . . .     SeeInvis .     k - +0 whip
rCold  . . .     Clarity  .     b - +0 leather armour
rNeg   . . .     SustAb   .     (no shield)
rPois  .         Gourm    .     (no helmet)
rElec  .         Spirit   .     (no cloak)
rCorr  .         Warding  .     g - +1 pair of gloves {Dex+3}
rMut   .         Stasis   .     (no boots)
MR     .....                    (no amulet)
Stlth  +.........               (no ring)
                                m - ring of teleport control

@: not resistant to hostile enchantments, very unstealthy
A: powered by pain 1, rot immunity
a: Evoke Teleport Control


You were on level 2 of the Dungeon.
You were near starving.

You visited 1 branch of the dungeon, and saw 2 of its levels.

You collected 175 gold pieces.

Inventory:

Hand weapons
 a - a +0 mace
 k - a +0 whip (weapon)
 q - a +0 whip of distortion
Armour
 b - a +0 leather armour (worn)
 g - a +1 pair of gloves of dexterity (worn)
Jewellery
 m - a ring of teleport control (left hand)
Scrolls
 e - a scroll of immolation {unknown}
 f - a scroll of noise {unknown}
 h - a scroll of amnesia {unknown}
 i - 3 scrolls of teleportation {unknown}
 j - 3 scrolls of identify {unknown}
 l - a scroll of fear {unknown}
 o - a scroll of enchant weapon {unknown}
 s - a scroll of enchant armour {unknown}
Potions
 r - a potion of ambrosia {unknown}
Books
 c - a book of Battle

   Spells                             Type                      Level
   a - Infusion                       Charms                       1
   b - Shroud of Golubria             Charms/Translocation         2
   c - Song of Slaying                Charms                       2
   d - Spectral Weapon                Hexes/Charms                 3
   e - Regeneration                   Charms/Necromancy            3
Comestibles
 d - 2 bread rations
 n - a royal jelly
 p - 3 fruits


   Skills:
 + Level 2.4 Fighting
 * Level 2.5 Maces & Flails
 + Level 1.5 Armour
 - Level 0.8 Dodging
 - Level 2.0 Spellcasting
 - Level 2.6 Charms


You had 5 spell levels left.
You knew the following spells:

 Your Spells              Type           Power        Failure   Level  Hunger
a - Infusion              Chrm           #.....       12%         1    ##.....


Dungeon Overview and Level Annotations

Branches:
Dungeon (2/15)

Altars:


Innate Abilities, Weirdness & Mutations

You sometimes gain a little power by taking damage.
You are immune to rotting.


Message History

You hit the hobgoblin but do no damage. The hobgoblin barely misses you.
You completely miss the hobgoblin.
The hobgoblin hits you but does no damage.
You barely miss the hobgoblin. The hobgoblin barely misses you.
A rat comes into view.
You hit the hobgoblin.
You kill the hobgoblin!
You have reached level 3!
Your experience leads to an increase in your attributes!
Your base attributes are Str 12, Int 13, Dex 12.
Increase (S)trength, (I)ntelligence, or (D)exterity?
You feel clever.
Your demonic ancestry asserts itself...
You feel energised by your suffering.
You hit the rat but do no damage. The rat bites you but does no damage.
You barely miss the rat. The rat bites you.
You hit the rat but do no damage. The rat bites you but does no damage.
You closely miss the rat. The rat bites you but does no damage.
Your leather armour prevents you from hitting the rat.
The rat bites you but does no damage.
Are you sure you want to abandon this character and quit the game? (Confirm with "yes".)

#.......# .# #..[....# .#
#.......#######
.####.............# ####
#.#................###########...
...............)......)..........
......######...............###...
..# #.# #........#.####.#.....
.####.######....@...#..# #.#.#...
...........'....r...#..###.#.#...
.####.######........#......#.....
.###................#......#.###.
............#####.#.#...(..#####.
....รท.......# #.#.#.<....).....
..(.(<####### #...#.##........#
.....## ##..............# .....#
#.##)##........#


You could see a rat.

Vanquished Creatures
  2 giant geckos
  An ooze (D:1)
  A giant cockroach (D:1)
  5 hobgoblins
  2 bats (D:2)
  2 giant newts (D:1)
  4 goblins
  5 kobolds
  5 rats
27 creatures vanquished.

Notes
Turn   | Place    | Note
--------------------------------------------------------------
     0 | D:1      | rgaf, the Demonspawn Skald, began the quest for the Orb.
     0 | D:1      | Reached XP level 1. HP: 16/16 MP: 3/3
    43 | D:1      | Reached skill level 1 in Armour
   302 | D:1      | Gained mutation: You are immune to rotting. [demonic ancestry]
   302 | D:1      | Reached XP level 2. HP: 9/22 MP: 4/4
  1506 | D:2      | Gained mutation: You sometimes gain a little power by taking damage. [demonic ancestry]
  1506 | D:2      | Reached XP level 3. HP: 23/28 MP: 6/6
  1515 | D:2      | Quit the game

Action                   || total
-------------------------++-------
Melee: Mace              ||    56
       Whip              ||    51
